[Event "46th GRE-chT Premier 2018"]
[Site "Rio Achaia"]
[Date "2018.07.12"]
[Round "4"]
[White "Beliotis, Georgios"]
[Black "Eleftheriou, Georgios"]
[Result "1-0"]
[ECO "B13"]
[WhiteElo "2175"]
[BlackElo "1790"]
[Annotator "NA"]
[PlyCount "113"]
[EventDate "2018.07.10"]
[EventType "team-tourn"]
[EventCountry "GRE"]
[SourceTitle "playchess.com"]
[Source "ChessBase"]
[SourceQuality "1"]
[TimeControl "40/5400+30:1800+30"]

1. e4 c6 2. d4 d5 3. exd5 cxd5 4. Bd3 Nc6 5. c3 Nf6 6. h3 g6 7. Nf3 Bf5 8. Bf4 Bxd3 9. Qxd3 Bg7 10. Nbd2 Rc8 11. O-O O-O 12. Rfe1 Re8 13. Re2 Qb6 14. b4 a5 15. a3 Na7 16. Rae1 e6 17. Re3 axb4 18. axb4 Qb5 19. Qb1 Qa6 20. Qb2 Nb5 21. Ra1 Qb6 22. Ne5 Nd6 23. Rf3 Nfe4 24. h4 f6 25. Ng4 e5 26. dxe5 fxe5 27. Bh6 Nc4 28. Nxc4 Rxc4 29. Bxg7 Kxg7 30. Qc1 Qe6 31. Ra7 Rc7 32. Qh6+ Kg8 33. Ne3 Nxc3 34. h5 Ne2+ 35. Kh2 e4 36. Rh3 Qe5+ 37. g3 Rf8 38. hxg6 hxg6 39. Ng4 Qg7 40. Qe3 Qd4 41. Qxe2 Qxa7 42. Qb2 Rh7 43. Nf6+ Rxf6 44. Qxf6 Rxh3+ 45. Kxh3 Qa6 46. Qd8+ Kg7 47. Qxd5 Qf1+ 48. Kg4 Qe2+ 49. Kh4 Kh6 50. Qg5+ Kh7 51. Qe7+ Kh6 52. Qf8+ Kh7 53. g4 Qe1 54. Qe7+ Kh8 55. Kg5 Qxf2 56. Kh6 Qf4+ 57. g5 1-0

[Event "46th GRE-chT Premier 2018"]
[Site "Rio Achaia"]
[Date "2018.07.12"]
[Round "4"]
[White "Loutragotis, Dimitrios"]
[Black "Tsaknakis, Zisis"]
[Result "1/2-1/2"]
[ECO "B39"]
[WhiteElo "2173"]
[BlackElo "2170"]
[Annotator "NA"]
[PlyCount "70"]
[EventDate "2018.07.10"]
[EventType "team-tourn"]
[EventCountry "GRE"]
[SourceTitle "playchess.com"]
[Source "ChessBase"]
[SourceQuality "1"]
[TimeControl "40/5400+30:1800+30"]

1. e4 c5 2. Nf3 Nc6 3. d4 cxd4 4. Nxd4 g6 5. c4 Bg7 6. Be3 Nf6 7. Nc3 Ng4 8. Qxg4 Nxd4 9. Qd1 Ne6 10. Qd2 Qa5 11. Rc1 b6 12. Qd5 Rb8 13. Qxa5 bxa5 14. b3 Bb7 15. Bd3 Bd4 16. Kd2 Bxe3+ 17. Kxe3 Rf8 18. f4 f5 19. exf5 gxf5 20. Rhg1 h5 21. Be2 Rh8 22. Rcd1 Nc5 23. Bd3 Nxd3 24. Kxd3 Rg8 25. g3 Bc6 26. Rb1 Kf7 27. a3 h4 28. b4 hxg3 29. Rxg3 axb4 30. axb4 Rxg3+ 31. hxg3 Rg8 32. Rg1 a6 33. Kd4 d6 34. b5 axb5 35. cxb5 Bf3 1/2-1/2

[Event "46th GRE-chT Premier 2018"]
[Site "Rio Achaia"]
[Date "2018.07.12"]
[Round "4"]
[White "Panagiotakopoulos, Gerasimos"]
[Black "Maier, Christian"]
[Result "0-1"]
[ECO "C16"]
[WhiteElo "2165"]
[BlackElo "2378"]
[Annotator "NA"]
[PlyCount "113"]
[EventDate "2018.07.10"]
[EventType "team-tourn"]
[EventCountry "GRE"]
[SourceTitle "playchess.com"]
[Source "ChessBase"]
[SourceQuality "1"]
[TimeControl "40/5400+30:1800+30"]

1. e4 e6 2. d4 d5 3. Nc3 Bb4 4. e5 Ne7 5. Bd2 Nf5 6. Bd3 Nc6 7. Nf3 Nh4 8. Nxh4 Qxh4 9. Nb5 Qe7 10. c3 Ba5 11. O-O Bd7 12. Na3 O-O-O 13. Nc2 Bb6 14. b4 f6 15. a4 a5 16. b5 Na7 17. f4 Be8 18. exf6 gxf6 19. Kh1 Kb8 20. Qe2 Bf7 21. c4 dxc4 22. Bxc4 Nc8 23. Bc3 Rhe8 24. Qe1 Bg6 25. Rc1 Nd6 26. Be2 Bxc2 27. Rxc2 Nf5 28. Bf3 Nxd4 29. Qe4 Nxf3 30. Qxf3 e5 31. Qe4 Qe6 32. Re1 f5 33. Qe2 e4 34. Be5 Rd3 35. Rec1 Re7 36. h3 Red7 37. Kh2 Qb3 38. Qh5 Qe6 39. Qe2 Qg6 40. Qe1 h5 41. Qh4 e3 42. Re2 Rd2 43. Rce1 Ka7 44. Qg5 Qf7 45. Bc3 R2d3 46. Bf6 R7d6 47. Be5 Rg6 48. Qh4 Rg8 49. Rc1 Rd2 50. Qe1 Qd5 51. Qf1 Kb8 52. Rc2 Qd3 53. Rb2 Rd1 54. Qf3 h4 55. Rbc2 Rb1 56. Bc3 Ka7 57. Be5 0-1

[Event "46th GRE-chT Premier 2018"]
[Site "Rio Achaia"]
[Date "2018.07.12"]
[Round "4"]
[White "Hrisomalis, Theodoros"]
[Black "Kesidis, Odyseas"]
[Result "1-0"]
[ECO "A48"]
[WhiteElo "2163"]
[BlackElo "2248"]
[Annotator "NA"]
[PlyCount "73"]
[EventDate "2018.07.10"]
[EventType "team-tourn"]
[EventCountry "GRE"]
[SourceTitle "playchess.com"]
[Source "ChessBase"]
[SourceQuality "1"]
[TimeControl "40/5400+30:1800+30"]

1. d4 Nf6 2. Nf3 g6 3. Bf4 Bg7 4. h3 O-O 5. Nbd2 c5 6. e3 cxd4 7. exd4 d6 8. Be2 b6 9. O-O Bb7 10. Re1 Nbd7 11. Bh2 Re8 12. Bf1 Qc7 13. a4 a6 14. a5 b5 15. c4 bxc4 16. Nxc4 Rac8 17. Rc1 Qd8 18. Qb3 Bd5 19. Qa3 Bxf3 20. gxf3 Bh6 21. Ne3 Rxc1 22. Rxc1 Qa8 23. Rc3 Nh5 24. Qa4 Ndf6 25. Qc6 Qa7 26. Qb6 Qd7 27. Qxa6 Rb8 28. Qe2 Qa7 29. a6 Qxd4 30. Qc4 Qa7 31. Qc7 Qa8 32. a7 Rf8 33. f4 Bxf4 34. Bg2 Bxh2+ 35. Kxh2 d5 36. Rb3 Ne8 37. Qb8 1-0

[Event "46th GRE-chT Premier 2018"]
[Site "Rio Achaia"]
[Date "2018.07.12"]
[Round "4"]
[White "Markantonaki, Haritomeni"]
[Black "Iordanidou, Zoi"]
[Result "1/2-1/2"]
[ECO "B01"]
[WhiteElo "2152"]
[BlackElo "2060"]
[Annotator "NA"]
[PlyCount "95"]
[EventDate "2018.07.10"]
[EventType "team-tourn"]
[EventCountry "GRE"]
[SourceTitle "playchess.com"]
[Source "ChessBase"]
[SourceQuality "1"]
[TimeControl "40/5400+30:1800+30"]

1. e4 d5 2. exd5 Qxd5 3. Nc3 Qd6 4. d4 Nf6 5. Bg5 a6 6. Qd2 Bf5 7. Nf3 Nc6 8. Bf4 Qd8 9. O-O-O e6 10. a3 Be7 11. h3 O-O 12. g4 Ne4 13. Nxe4 Bxe4 14. Qe3 Bd5 15. Rg1 b5 16. Ne5 Nxe5 17. dxe5 Qc8 18. Bg5 Bxg5 19. Qxg5 f6 20. exf6 Rxf6 21. f4 c6 22. Bd3 Qf8 23. Qh4 Rh6 24. Qg3 Rf6 25. Rdf1 Qd6 26. g5 Rf5 27. Bxf5 exf5 28. g6 h6 29. Qd3 Rf8 30. Qd4 Re8 31. Re1 Rxe1+ 32. Rxe1 Qxg6 33. Re7 Qg2 34. b3 Be4 35. Qc3 Kf8 36. Rc7 Kg8 37. Kb2 Qg1 38. a4 bxa4 39. Qc4+ Kh7 40. Qxa4 Qf2 41. Qc4 Bd5 42. Qc3 Qg1 43. Qd3 Be4 44. Qxa6 Qd4+ 45. Ka2 Qc3 46. Qa7 Bxc2 47. Rb7 Be4 48. Rc7 1/2-1/2

[Event "46th GRE-chT Premier 2018"]
[Site "Rio Achaia"]
[Date "2018.07.12"]
[Round "4"]
[White "Richterova, Natasa"]
[Black "Havanecz, Bianka"]
[Result "0-1"]
[ECO "C54"]
[WhiteElo "2146"]
[BlackElo "2193"]
[Annotator "NA"]
[PlyCount "106"]
[EventDate "2018.07.10"]
[EventType "team-tourn"]
[EventCountry "GRE"]
[SourceTitle "playchess.com"]
[Source "ChessBase"]
[SourceQuality "1"]
[TimeControl "40/5400+30:1800+30"]

1. e4 e5 2. Nf3 Nc6 3. Bc4 Bc5 4. c3 Nf6 5. d3 d6 6. Nbd2 O-O 7. O-O a5 8. Bb3 b5 9. a4 b4 10. Nc4 Bg4 11. h3 Bh5 12. Be3 Ba7 13. Bxa7 Rxa7 14. Ne3 Nd7 15. g4 Bg6 16. Nf5 Nc5 17. Bc2 Ne6 18. d4 Nf4 19. Kh2 f6 20. d5 Nb8 21. cxb4 axb4 22. Qd2 Na6 23. N5h4 Qb8 24. b3 Nc5 25. Rfe1 Bf7 26. Rab1 c6 27. Ng2 Nxg2 28. Kxg2 Rc7 29. Re3 cxd5 30. exd5 Qb7 31. Rd1 g6 32. Kg1 Rfc8 33. Ne1 Kg7 34. h4 Rb8 35. Rg3 Nd7 36. Be4 Rbc8 37. Bg2 Rc3 38. Rd3 R8c5 39. Bf3 Qc7 40. Kg2 Nb6 41. Kg1 h6 42. Be4 Qc8 43. Qe2 f5 44. gxf5 gxf5 45. Bh1 e4 46. Rd4 Nxd5 47. Bxe4 fxe4 48. Qxe4 Rc1 49. Kh2 Rxd1 50. Rxd1 Qe6 51. Qg2+ Kf8 52. Nd3 Rc3 53. Re1 Qf5 0-1

[Event "46th GRE-chT Premier 2018"]
[Site "Rio Achaia"]
[Date "2018.07.12"]
[Round "4"]
[White "Makropoulou, Marina"]
[Black "Prokopiou, Ekaterini"]
[Result "1-0"]
[ECO "B10"]
[WhiteElo "2135"]
[BlackElo "1661"]
[Annotator "NA"]
[PlyCount "129"]
[EventDate "2018.07.10"]
[EventType "team-tourn"]
[EventCountry "GRE"]
[SourceTitle "playchess.com"]
[Source "ChessBase"]
[SourceQuality "1"]
[TimeControl "40/5400+30:1800+30"]

1. e4 c6 2. c4 d5 3. exd5 cxd5 4. cxd5 Nf6 5. Qa4+ Bd7 6. Qb3 Qc7 7. Nc3 g6 8. Bc4 Qc8 9. Nf3 a5 10. a4 Bg7 11. O-O O-O 12. Re1 Re8 13. d4 Na6 14. Bf4 Nb4 15. Rac1 Qd8 16. h3 Rc8 17. Ne5 Qb6 18. Be3 Qd6 19. Nxd7 Nxd7 20. Ne4 Qb8 21. Nc5 Nb6 22. d6 Nxc4 23. d7 Nxe3 24. dxe8=Q+ Rxe8 25. Qxe3 b6 26. Nd3 Qd6 27. Rc4 Qd5 28. b3 Nxd3 29. Qxd3 e5 30. Qc2 Rd8 31. dxe5 Bxe5 32. Rc8 Rxc8 33. Qxc8+ Kg7 34. Qc4 Qd6 35. Qe2 Bc3 36. Rd1 Qb4 37. Qc4 Qxc4 38. bxc4 Bb4 39. Kf1 Kf6 40. Ke2 h5 41. Rd5 Bc5 42. g3 Ke6 43. f3 f5 44. Kd3 Kf6 45. Rd7 Kg5 46. Ke2 Kf6 47. Rb7 Ke5 48. Rd7 Ke6 49. Rg7 Kf6 50. Rg8 Kf7 51. Rc8 Kf6 52. Rc6+ Kg5 53. f4+ Kh6 54. Rc7 Bd6 55. Rd7 Bc5 56. Rf7 Bd6 57. Kf3 Bc5 58. g4 hxg4+ 59. hxg4 fxg4+ 60. Kxg4 Bd4 61. f5 gxf5+ 62. Kxf5 Bc5 63. Ke6 Kg6 64. Rf3 Kg5 65. Rf5+ 1-0

[Event "46th GRE-chT Premier 2018"]
[Site "Rio Achaia"]
[Date "2018.07.12"]
[Round "4"]
[White "Sidiropoulos, Nikolaos"]
[Black "Naoum, Spyridon"]
[Result "0-1"]
[ECO "B42"]
[WhiteElo "2112"]
[BlackElo "2335"]
[Annotator "NA"]
[PlyCount "82"]
[EventDate "2018.07.10"]
[EventType "team-tourn"]
[EventCountry "GRE"]
[SourceTitle "playchess.com"]
[Source "ChessBase"]
[SourceQuality "1"]
[TimeControl "40/5400+30:1800+30"]

1. e4 c5 2. Nf3 e6 3. d4 cxd4 4. Nxd4 a6 5. Bd3 Qb6 6. Nb3 Qc7 7. Be3 Nf6 8. f4 b5 9. N1d2 Bb7 10. c3 Be7 11. O-O d6 12. Rc1 Nbd7 13. c4 b4 14. Qf3 Rd8 15. g4 g5 16. Kh1 h5 17. fxg5 Ne5 18. gxf6 Nxf3 19. fxe7 Qxe7 20. Rxf3 hxg4 21. Rg3 Qh4 22. Nf1 f5 23. c5 e5 24. c6 Bxc6 25. Rxc6 f4 26. Rg2 fxe3 27. Ng3 Kf7 28. Bc4+ Kg6 29. Nc1 Kg5 30. Be6 d5 31. Bf5 Rh6 32. Rxh6 Qxh6 33. exd5 Rxd5 34. Nce2 Rd1+ 35. Rg1 Rd2 36. Bb1 Qf8 37. Rf1 Qxf1+ 38. Nxf1 Rxe2 39. Bd3 Re1 40. Bxa6 e2 41. Kg2 Kf4 0-1

[Event "46th GRE-chT Premier 2018"]
[Site "Rio Achaia"]
[Date "2018.07.12"]
[Round "4"]
[White "Kordis, Konstantinos"]
[Black "Vragoteris, Antonios"]
[Result "0-1"]
[ECO "B31"]
[WhiteElo "2100"]
[BlackElo "2160"]
[Annotator "NA"]
[PlyCount "62"]
[EventDate "2018.07.10"]
[EventType "team-tourn"]
[EventCountry "GRE"]
[SourceTitle "playchess.com"]
[Source "ChessBase"]
[SourceQuality "1"]
[TimeControl "40/5400+30:1800+30"]

1. e4 c5 2. Nf3 Nc6 3. Bb5 g6 4. O-O Bg7 5. Re1 Nf6 6. e5 Nd5 7. Nc3 Nc7 8. Bxc6 dxc6 9. Ne4 Ne6 10. d3 O-O 11. Be3 b6 12. Qd2 Nd4 13. Nxd4 cxd4 14. Bh6 c5 15. Qf4 Bb7 16. Qh4 Re8 17. Bxg7 Kxg7 18. Ng5 h6 19. Nxf7 Kxf7 20. Qxh6 Rh8 21. e6+ Kf6 22. Qf4+ Kg7 23. Qf7+ Kh6 24. Qf4+ g5 25. Qg3 Qf8 26. Qc7 Rb8 27. Re5 Qf4 28. h4 Rhc8 29. hxg5+ Kg6 30. Qxe7 Rf8 31. Re2 Bxg2 0-1

[Event "46th GRE-chT Premier 2018"]
[Site "Rio Achaia"]
[Date "2018.07.12"]
[Round "4"]
[White "Mihopoulos, Konstantinos"]
[Black "Tassopoulos, Marios"]
[Result "1-0"]
[ECO "A45"]
[WhiteElo "2097"]
[BlackElo "2134"]
[Annotator "NA"]
[PlyCount "103"]
[EventDate "2018.07.10"]
[EventType "team-tourn"]
[EventCountry "GRE"]
[SourceTitle "playchess.com"]
[Source "ChessBase"]
[SourceQuality "1"]
[TimeControl "40/5400+30:1800+30"]

1. d4 Nf6 2. Bf4 d5 3. e3 c5 4. c3 Nc6 5. Nd2 Bf5 6. Qb3 Qd7 7. Ngf3 c4 8. Qd1 e6 9. h3 Bd6 10. Bg5 Ne4 11. Nxe4 Bxe4 12. Nd2 Bf5 13. e4 Bxe4 14. Nxe4 dxe4 15. Bxc4 O-O 16. Qe2 f5 17. O-O h6 18. Bd2 Kh8 19. f3 exf3 20. Qxf3 e5 21. Qh5 Bc7 22. Rae1 e4 23. Kh1 Rae8 24. Bf4 Bxf4 25. Rxf4 Rd8 26. Ref1 Ne7 27. g4 Nd5 28. Bxd5 Qxd5 29. Rxf5 Rxf5 30. Qxf5 Qxa2 31. g5 Qd5 32. gxh6 Qxf5 33. hxg7+ Kxg7 34. Rxf5 Rd6 35. Kg2 Kg6 36. Rb5 Rd7 37. Re5 Kf6 38. Rxe4 Kf5 39. Kf3 Rg7 40. Re5+ Kf6 41. h4 Rg1 42. Rb5 b6 43. h5 Re1 44. Kf4 Rh1 45. Ke4 Rh4+ 46. Kd3 Ke6 47. Kc4 Rh2 48. b4 Ra2 49. Rg5 Rh2 50. b5 Ra2 51. Rg7 a6 52. Rg6+ {[%emt 0:00:11] Kd5+} 1-0

[Event "46th GRE-chT Premier 2018"]
[Site "Rio Achaia"]
[Date "2018.07.12"]
[Round "4"]
[White "Ivanova, Simoneta"]
[Black "Cibickova, Zuzana"]
[Result "0-1"]
[ECO "D12"]
[WhiteElo "2091"]
[BlackElo "2292"]
[Annotator "NA"]
[PlyCount "120"]
[EventDate "2018.07.10"]
[EventType "team-tourn"]
[EventCountry "GRE"]
[SourceTitle "playchess.com"]
[Source "ChessBase"]
[SourceQuality "1"]
[TimeControl "40/5400+30:1800+30"]

1. d4 d5 2. c4 c6 3. Nf3 Nf6 4. e3 Bf5 5. Nc3 e6 6. Nh4 Bg6 7. g3 Nbd7 8. Be2 Bd6 9. O-O Qc7 10. Bd2 Ne4 11. Nxg6 hxg6 12. Nxe4 dxe4 13. d5 exd5 14. cxd5 c5 15. Qa4 f5 16. b4 O-O 17. Rac1 b6 18. Bc3 g5 19. Qc6 Rad8 20. Qxc7 Bxc7 21. bxc5 Nxc5 22. Bb4 Bd6 23. Bxc5 Bxc5 24. Rc3 Rd6 25. Rd1 Kf7 26. Bf1 Ke7 27. Bh3 g4 28. Bg2 Rh8 29. Rc4 Rdh6 30. Ra4 a5 31. Rc4 Kd6 32. a4 Rxh2 33. Rc2 g5 34. Rc4 R2h6 35. Kf1 Ke5 36. Rc2 Rd6 37. Rcd2 Bb4 38. Rc2 Rhd8 39. Kg1 Rxd5 40. Rxd5+ Rxd5 41. Bf1 Bc5 42. Bc4 Rd1+ 43. Kg2 f4 44. gxf4+ gxf4 45. exf4+ Kxf4 46. Be6 Rd4 47. Bc4 e3 48. fxe3+ Kxe3 49. Re2+ Kf4 50. Bb5 Rd1 51. Bc6 Kg5 52. Re8 Rd2+ 53. Kf1 Kh4 54. Ke1 Bb4 55. Kf1 Kg3 56. Re3+ Kh2 57. Re2+ Rxe2 58. Kxe2 g3 59. Kf1 Bc5 60. Bd5 b5 0-1

[Event "46th GRE-chT Premier 2018"]
[Site "Rio Achaia"]
[Date "2018.07.12"]
[Round "4"]
[White "Krasteva, Beloslava"]
[Black "Petraki, Maria"]
[Result "0-1"]
[ECO "A56"]
[WhiteElo "2086"]
[BlackElo "1962"]
[Annotator "NA"]
[PlyCount "92"]
[EventDate "2018.07.10"]
[EventType "team-tourn"]
[EventCountry "GRE"]
[SourceTitle "playchess.com"]
[Source "ChessBase"]
[SourceQuality "1"]
[TimeControl "40/5400+30:1800+30"]

1. d4 Nf6 2. c4 c5 3. d5 e5 4. Nc3 d6 5. e4 Be7 6. Be2 O-O 7. Nf3 Nbd7 8. h3 Ne8 9. Be3 a6 10. a3 g6 11. g4 Ng7 12. h4 Nf6 13. Nd2 h5 14. gxh5 Nfxh5 15. Rg1 Kh7 16. Bg5 Bd7 17. Nf3 b5 18. cxb5 axb5 19. Bxe7 Qxe7 20. Nxb5 Nf4 21. Nc3 Rab8 22. Qd2 Rb6 23. Bc4 Rfb8 24. b3 Ngh5 25. a4 Bc8 26. Nb5 Qf6 27. Qe3 Kg7 28. O-O-O Nh3 29. Rh1 Bg4 30. Rde1 N3f4 31. Ng5 Ng2 32. Qd2 Nxe1 33. Rxe1 Qf4 34. f3 Bd7 35. Qxf4 Nxf4 36. Nc3 Ng2 37. Rh1 Ne3 38. Bb5 Bxb5 39. Nxb5 Ng2 40. h5 Rh8 41. h6+ Kf6 42. Rg1 Kxg5 43. Rxg2+ Kf4 44. Rh2 Kxf3 45. Na3 Kxe4 46. Nc4 Ra6 0-1

[Event "46th GRE-chT Premier 2018"]
[Site "Rio Achaia"]
[Date "2018.07.12"]
[Round "4"]
[White "Tepelenis, Nikolaos"]
[Black "Istratescu, Andrei"]
[Result "0-1"]
[ECO "B22"]
[WhiteElo "2079"]
[BlackElo "2575"]
[Annotator "ChessBase"]
[PlyCount "56"]
[EventDate "2018.07.10"]
[EventType "team-tourn"]
[EventCountry "GRE"]
[SourceTitle "playchess.com"]
[Source "ChessBase"]
[SourceQuality "1"]
[TimeControl "40/5400+30:1800+30"]

1. e4 c5 2. c3 e6 3. d4 d5 4. exd5 exd5 5. Nf3 Nc6 6. Be2 h6 7. O-O Nf6 8. Bf4 Be7 9. dxc5 Bxc5 10. Nbd2 O-O 11. Nb3 Bb6 12. Nfd4 Re8 13. Bf3 Ne4 14. Re1 Qf6 15. Bg3 Bf5 16. Nxf5 Qxf5 17. Nd4 Bxd4 18. cxd4 Ng5 19. Rxe8+ Rxe8 20. Bg4 Qf6 21. Bd7 Re4 22. Qb3 Nxd4 23. Qxb7 Ne2+ 24. Kh1 Nxg3+ 25. fxg3 Rd4 26. Qxa7 Qf2 27. Qa8+ Kh7 28. Bc6 Nh3 0-1

[Event "46th GRE-chT Premier 2018"]
[Site "Rio Achaia"]
[Date "2018.07.12"]
[Round "4"]
[White "Triantos, Konstantinos"]
[Black "Stefan, Victor"]
[Result "1-0"]
[ECO "C84"]
[WhiteElo "2078"]
[BlackElo "2102"]
[Annotator "NA"]
[PlyCount "105"]
[EventDate "2018.07.10"]
[EventType "team-tourn"]
[EventCountry "GRE"]
[SourceTitle "playchess.com"]
[Source "ChessBase"]
[SourceQuality "1"]
[TimeControl "40/5400+30:1800+30"]

1. e4 e5 2. Nf3 Nc6 3. Bb5 a6 4. Ba4 Nf6 5. O-O Be7 6. d3 b5 7. Bb3 d6 8. a3 O-O 9. Nc3 Nb8 10. Ne2 Nbd7 11. c3 Nb6 12. Re1 c5 13. Ng3 c4 14. Bc2 cxd3 15. Qxd3 Qc7 16. Nh4 Re8 17. Nhf5 Be6 18. Nxe7+ Qxe7 19. f4 Rad8 20. f5 Bd7 21. Bg5 Bc6 22. Nh5 Kh8 23. Qh3 Nbd7 24. Qh4 Qf8 25. Rad1 Nxh5 26. Bxd8 Rxd8 27. Qxh5 Nf6 28. Qe2 Qe7 29. a4 Qa7+ 30. Qf2 Qb7 31. axb5 Bxb5 32. h3 Bc6 33. b4 Nxe4 34. Qe3 Nf6 35. Rd2 Nd5 36. Qg3 f6 37. Red1 h6 38. Kh2 Nf4 39. Rxd6 Re8 40. Be4 Bxe4 41. Rd7 Nh5 42. Qg6 Qa8 43. Qxh5 Rg8 44. Re7 Bc6 45. Rd6 Be8 46. Qd1 Qe4 47. Qf3 Qc4 48. Rd8 Bc6 49. Rxg8+ Kxg8 50. Qg4 Qxg4 51. hxg4 Bb5 52. Kg3 Kf8 53. Rc7 1-0

[Event "46th GRE-chT Premier 2018"]
[Site "Rio Achaia"]
[Date "2018.07.12"]
[Round "4"]
[White "Deligiannis, Paraskevas"]
[Black "Tzintzios, Georgios"]
[Result "0-1"]
[ECO "D70"]
[WhiteElo "2061"]
[BlackElo "2186"]
[Annotator "NA"]
[PlyCount "96"]
[EventDate "2018.07.10"]
[EventType "team-tourn"]
[EventCountry "GRE"]
[SourceTitle "playchess.com"]
[Source "ChessBase"]
[SourceQuality "1"]
[TimeControl "40/5400+30:1800+30"]

1. d4 Nf6 2. c4 g6 3. f3 d5 4. cxd5 Nxd5 5. e4 Nb6 6. Nc3 Bg7 7. Be3 Nc6 8. Bb5 O-O 9. Nge2 Bd7 10. b3 Nb4 11. a3 Bxb5 12. Nxb5 Na6 13. O-O Qd7 14. Nbc3 e6 15. Qe1 Rac8 16. Qf2 f5 17. e5 Nd5 18. Nxd5 Qxd5 19. b4 Qd7 20. h4 c6 21. h5 gxh5 22. Bg5 Nc7 23. Qh4 Qf7 24. Nf4 h6 25. Be7 Rfe8 26. Bf6 Bxf6 27. exf6 Kh7 28. Nd3 Nd5 29. Ne5 Qxf6 30. Qxh5 Re7 31. f4 Rg8 32. Rf3 Reg7 33. Ra2 Rg3 34. Raf2 Ne3 35. Rxg3 Rxg3 36. Nf3 Nd5 37. Ne5 Rxa3 38. b5 cxb5 39. g4 fxg4 40. f5 Rg3+ 41. Kf1 Ne3+ 42. Ke1 Rg1+ 43. Kd2 Nxf5 44. Kc3 Rg3+ 45. Kb2 Re3 46. Rc2 g3 47. Rc7+ Ng7 48. Rf7 Qf2+ 0-1

[Event "46th GRE-chT Premier 2018"]
[Site "Rio Achaia"]
[Date "2018.07.12"]
[Round "4"]
[White "Damianou, Ioannis"]
[Black "Abelakiotis, Stavros"]
[Result "1/2-1/2"]
[ECO "B59"]
[WhiteElo "2058"]
[BlackElo "2029"]
[Annotator "NA"]
[PlyCount "77"]
[EventDate "2018.07.10"]
[EventType "team-tourn"]
[EventCountry "GRE"]
[SourceTitle "playchess.com"]
[Source "ChessBase"]
[SourceQuality "1"]
[TimeControl "40/5400+30:1800+30"]

1. e4 c5 2. Nf3 Nc6 3. d4 cxd4 4. Nxd4 Nf6 5. Nc3 d6 6. Be2 e5 7. Nb3 Be7 8. Bg5 Nxe4 9. Bxe7 Nxc3 10. Bxd8 Nxd1 11. Rxd1 Kxd8 12. Rxd6+ Ke7 13. Rd2 Bf5 14. O-O Rhd8 15. c3 Rxd2 16. Nxd2 Rd8 17. Nc4 b5 18. Ne3 Bd3 19. Bxd3 Rxd3 20. Rd1 Rxd1+ 21. Nxd1 f5 22. Kf1 Kd6 23. Ke2 g6 24. f3 Kc5 25. Nf2 a5 26. Nd3+ Kd5 27. g4 fxg4 28. fxg4 Ke4 29. h3 Ne7 30. Nc5+ Kd5 31. Nd7 Kd6 32. Nf6 h6 33. h4 Ke6 34. Ne4 Nd5 35. Nc5+ Kf6 36. Nd7+ Ke6 37. Nc5+ Kf6 38. Nd7+ Ke6 39. Nc5+ 1/2-1/2

[Event "46th GRE-chT Premier 2018"]
[Site "Rio Achaia"]
[Date "2018.07.12"]
[Round "4"]
[White "Tsagkaropoulos, Spyridon"]
[Black "Ilandzis, Spyridon"]
[Result "0-1"]
[ECO "E12"]
[WhiteElo "2052"]
[BlackElo "1980"]
[Annotator "NA"]
[PlyCount "68"]
[EventDate "2018.07.10"]
[EventType "team-tourn"]
[EventCountry "GRE"]
[SourceTitle "playchess.com"]
[Source "ChessBase"]
[SourceQuality "1"]
[TimeControl "40/5400+30:1800+30"]

1. d4 Nf6 2. c4 e6 3. Nf3 b6 4. a3 Ba6 5. Qc2 c5 6. d5 exd5 7. cxd5 Bb7 8. Nc3 Nxd5 9. Nb5 Be7 10. Qe4 Bc6 11. Nd6+ Kf8 12. Nf5 Bf6 13. Qg4 Qe8 14. h4 h5 15. Qc4 Qe6 16. Qc2 Nc7 17. Ng3 d5 18. Bf4 Nba6 19. e3 d4 20. Bc4 Bd5 21. Bxd5 Nxd5 22. O-O dxe3 23. fxe3 Nxf4 24. exf4 Qe3+ 25. Kh1 Qxf4 26. Nf5 Nc7 27. g3 Qg4 28. Kg2 Re8 29. Rae1 Rxe1 30. Rxe1 Ne6 31. Ng1 g6 32. Nd6 Qd4 33. Rxe6 Qd5+ 34. Qe4 fxe6 0-1

[Event "46th GRE-chT Premier 2018"]
[Site "Rio Achaia"]
[Date "2018.07.12"]
[Round "4"]
[White "Pappas, Apostolos"]
[Black "Papahristoudis, Anastasios"]
[Result "1/2-1/2"]
[ECO "A14"]
[WhiteElo "2034"]
[BlackElo "2012"]
[Annotator "NA"]
[PlyCount "60"]
[EventDate "2018.07.10"]
[EventType "team-tourn"]
[EventCountry "GRE"]
[SourceTitle "playchess.com"]
[Source "ChessBase"]
[SourceQuality "1"]
[TimeControl "40/5400+30:1800+30"]

1. Nf3 d5 2. c4 e6 3. g3 Nf6 4. Bg2 Be7 5. O-O dxc4 6. Na3 Bxa3 7. bxa3 Nc6 8. Qa4 O-O 9. Qxc4 Re8 10. d4 Qd5 11. Qd3 e5 12. e4 Qxe4 13. Qxe4 Nxe4 14. dxe5 Be6 15. Re1 Nc5 16. Be3 Nd3 17. Red1 Rad8 18. Rd2 Bc4 19. Rad1 Ba6 20. h3 Ncxe5 21. Nxe5 Rxe5 22. Bxb7 Bxb7 23. Rxd3 Red5 24. Rxd5 Bxd5 25. Bxa7 c6 26. Rb1 Bxa2 27. Rb8 Rxb8 28. Bxb8 f5 29. Kf1 Kf7 30. Ke2 Ke6 1/2-1/2

[Event "46th GRE-chT Premier 2018"]
[Site "Rio Achaia"]
[Date "2018.07.12"]
[Round "4"]
[White "Gimnopoulos, Lazaros"]
[Black "Manelidis, Savvas"]
[Result "1/2-1/2"]
[ECO "C50"]
[WhiteElo "2033"]
[BlackElo "2090"]
[Annotator "NA"]
[PlyCount "84"]
[EventDate "2018.07.10"]
[EventType "team-tourn"]
[EventCountry "GRE"]
[SourceTitle "playchess.com"]
[Source "ChessBase"]
[SourceQuality "1"]
[TimeControl "40/5400+30:1800+30"]

1. e4 e5 2. Nf3 Nc6 3. Bc4 Bc5 4. Nc3 Nf6 5. d3 h6 6. a3 d6 7. h3 a6 8. Be3 b5 9. Ba2 Ba7 10. Bxa7 Rxa7 11. d4 exd4 12. Nxd4 Nxd4 13. Qxd4 c5 14. Qe3 O-O 15. O-O Re8 16. f3 Rd7 17. Nd5 Bb7 18. Rfd1 Re5 19. c4 Nxd5 20. cxd5 f5 21. Bb1 Qe8 22. Qf2 fxe4 23. Bxe4 Qh5 24. b4 Rc7 25. a4 bxa4 26. bxc5 Rxc5 27. Rxa4 Qe8 28. Qa2 Qc8 29. Kh2 h5 30. Rb4 a5 31. Rb6 Re7 32. Qf2 Rc1 33. Rxc1 Qxc1 34. Qg3 Qc7 35. Rxd6 h4 36. Qg6 Kf8 37. Qf5+ Rf7 38. Qe5 Re7 39. Qf4+ Rf7 40. Qe5 Re7 41. Qf4+ Rf7 42. Qe5 Re7 1/2-1/2

[Event "46th GRE-chT Premier 2018"]
[Site "Rio Achaia"]
[Date "2018.07.12"]
[Round "4"]
[White "Petrakis, Stylianos"]
[Black "Loukopoulos, Panagiotis-Athanasi"]
[Result "1-0"]
[ECO "B42"]
[WhiteElo "2024"]
[BlackElo "1942"]
[Annotator "NA"]
[PlyCount "77"]
[EventDate "2018.07.10"]
[EventType "team-tourn"]
[EventCountry "GRE"]
[SourceTitle "playchess.com"]
[Source "ChessBase"]
[SourceQuality "1"]
[TimeControl "40/5400+30:1800+30"]

1. e4 c5 2. Nf3 e6 3. d4 cxd4 4. Nxd4 a6 5. Bd3 Nf6 6. O-O Qc7 7. Qe2 d6 8. f4 Nbd7 9. Kh1 Be7 10. Nc3 b5 11. Bd2 Bb7 12. b4 O-O 13. a4 bxa4 14. Nxa4 d5 15. e5 Ne4 16. Nb3 Nxd2 17. Qxd2 Bc6 18. Nd4 Bb7 19. Rab1 Nb6 20. Nxb6 Qxb6 21. c3 g6 22. Rf3 Rfe8 23. Rh3 Bf8 24. Qe1 Qd8 25. Ra1 Bg7 26. Kg1 f5 27. Ra5 Bf8 28. Rf3 Qb6 29. Qe3 Rec8 30. Be2 Rxc3 31. Qxc3 Bxb4 32. Qb2 Qxa5 33. Nxe6 Qb6+ 34. Kh1 a5 35. Ng5 h6 36. e6 d4 37. Nf7 Qxe6 38. Nxh6+ Kf8 39. Rf1 1-0